 Dungeon Crawl Stone Soup version 0.25-a0-488-g03579ab4a3 (webtiles) character file.

Game seed: 8649625698751408128, levelgen mode: deterministic

52 Error4North the Covered (level 3, -1/33 HPs)
             Began as a Hill Orc Fighter on Feb 11, 2020.
             Killed from afar by Sigmund (6 damage)
             ... with a puff of flame
             ... on level 2 of the Dungeon.
             The game lasted 00:01:45 (924 turns).

Error4North the Covered (Hill Orc Fighter)           Turns: 924, Time: 00:01:46

Health: -1/33      AC:  8    Str: 19    XL:     3   Next: 85%
Magic:  3/3        EV:  7    Int:  8    God:
Gold:   38         SH:  9    Dex: 10    Spells: 2/2 levels left

rFire    . . .     SeeInvis .   a - +0 war axe
rCold    . . .     Gourm    .   c - +0 kite shield
rNeg     . . .     Faith    .   b - +0 scale mail
rPois    .         Spirit   .   (no helmet)
rElec    .         Reflect  .   h - +0 cloak
rCorr    .         Harm     .   (no gloves)
MR       .....                  (no boots)
Stlth    ..........             (no amulet)
HPRegen  0.11/turn              (no ring)
MPRegen  0.08/turn              (no ring)

@: no status effects
A: no striking features
a: no special abilities


You were on level 2 of the Dungeon.
You were not hungry.

You visited 1 branch of the dungeon, and saw 2 of its levels.

You collected 38 gold pieces.

Inventory:

Hand Weapons
 a - a +0 war axe (weapon)
Armour
 b - a +0 scale mail (worn)
 c - a +0 kite shield (worn)
 h - a +0 cloak (worn)
Jewellery
 e - an uncursed ring of protection from fire {unknown}
Scrolls
 i - a scroll of enchant weapon {unknown}
 k - 3 scrolls of identify {unknown}
Potions
 d - a potion of might
 g - a potion of agility {unknown}
 j - a potion of ambrosia {unknown}
 l - a potion of berserk rage {unknown}
 m - a potion of lignification {unknown}
 n - a potion of curing {unknown}
Comestibles
 f - a ration
 o - 6 chunks of flesh


   Skills:
 + Level 3.9 Fighting
 + Level 3.2 Axes
 * Level 4.1 Armour
 + Level 0.1 Dodging
 * Level 3.9 Shields


You had 2 spell levels left.
You didn't know any spells.
Your spell library was empty.

Dungeon Overview and Level Annotations

Branches:
Dungeon (2/15)

Altars:

Annotations:
D:2 Sigmund


Message History

Sigmund is severely wounded.
Sigmund casts a spell at you. You resist with significant effort.
You hit Sigmund.
Sigmund is severely wounded.
Sigmund casts a spell.
Sigmund flickers and vanishes!
Deactivating autopickup; reactivate with Ctrl-A.
You hear some strange, mumbled words.
A puff of flame appears from out of thin air!
The puff of flame hits you.
* * * LOW HITPOINT WARNING * * *
You miss something. Something hits you but does no damage.
You miss something. Something hits you.
* * * LOW HITPOINT WARNING * * *
You barely miss something.
You hear some strange, mumbled words.
A puff of flame appears from out of thin air!
The puff of flame hits you.
You die...

#....###.#.#
#.....##.#.#
#.....##.#.#
#.....'..#.#
########(..####.#
.......'.>......#
########...#######
#..........^...
#@####.###########
#{# #..........#..
#S# #..#######÷#.#
#.# #..#######÷#.#
#.# #).#......÷..#
#.# #..#......÷..#
..# #..#.........#
..# #..#.........#
#..#.........#


You could see an adder.

Vanquished Creatures
  A gnoll (D:1)
  2 adders (D:2)
  A leopard gecko (D:1)
  2 goblins
  5 hobgoblins (D:1)
  3 jackals (D:2)
  2 ball pythons (D:1)
  A bat (D:1)
  6 frilled lizards (D:1)
  3 rats
26 creatures vanquished.

Notes
Turn   | Place    | Note
-------+----------+-------------------------------------------
     0 | D:1      | Error4North the Hill Orc Fighter began the quest for the
                  | Orb.
     0 | D:1      | Reached XP level 1. HP: 19/19 MP: 1/1
   118 | D:1      | Reached XP level 2. HP: 23/27 MP: 2/2
   436 | D:1      | Reached XP level 3. HP: 23/33 MP: 3/3
   824 | D:2      | Reached skill level 4 in Armour
   896 | D:2      | Noticed Sigmund
   924 | D:2      | Killed from afar by Sigmund

Levels and vault maps discovered:
D:1:      dpeg_arrival_short_road, layout_basic, chequers_serial_rivers_marsh,
          minmay_lizard_pond
D:2:      layout_basic, chequers_mini_garden, minmay_pentomino_s2, uniq_sigmund

Skill      XL: |  1  2  3 |
---------------+----------+-----
Axes           | 3 |  3.2
Armour         | 4 |  4.1
Fighting       | |  3.9
Dodging        | |  0.1
Shields        | |  3.9

Action                   || total
-------------------------++-------
Melee: War axe           ||    84
Armor: Scale mail        ||    42
Dodge: Dodged            ||    29
Block: Kite shield       ||    30

Table legend:
 A = Non-vault XP
 B = Vault XP
 C = Vault XP percentage of total XP
 D = Non-vault monster count
 E = Vault monster count
 F = Vault count percentage of total count
                 A         B        C        D         E       F
            +---------+---------+-------+---------+---------+-------
      Total |      69 |       6 |   8.0 |      20 |       6 |  23.1
            +---------+---------+-------+---------+---------+-------
        D:1 |      34 |       6 |  15.0 |      13 |       6 |  31.6
        D:2 |      35 |       0 |   0.0 |       7 |       0 |   0.0
            +---------+---------+-------+---------+---------+-------
